 Dungeon Crawl Stone Soup version 0.32-a0-871-ge202e49faa (webtiles) character file.

Game seed: 1760670918390015774

1575 KennySheep the Chopper (level 8, 0/41 HPs)
             Began as a Deep Elf Conjurer on Mar 30, 2024.
             Was an Initiate of Cheibriados.
             Slain by a sleepcap (3 damage)
             ... on level 5 of the Dungeon.
             The game lasted 00:21:38 (4337 turns).

KennySheep the Chopper (Deep Elf Conjurer)          Turns: 4337, Time: 00:21:38

Health: 0/41       AC:  4    Str:  9 (11) XL:     8   Next: 60%
Magic:  15/15      EV: 11    Int: 21 (22) God:    Cheibriados [......]
Gold:   440        SH:  0    Dex: 12 (14) Spells: 7/14 levels left

rFire   . . .        b - +11 war axe of Death {distort, *Slow Fly Str+4 Int-3}
rCold   . . .        (no shield)
rNeg    . . .        a - +0 robe
rPois   .            d - +0 helmet
rElec   .            (no cloak)
rCorr   .            p - +0 pair of gloves
SInv    .            (no boots)
Will    .....        f - amulet of magic regeneration
Stlth   ++           (no ring)
HPRegen 0.26/turn    (no ring)
MPRegen 0.54/turn

%: slow self (1%)
@: lethally poisoned (0 -> -2), flying, very slow
A: no striking features
a: Renounce Religion


You were on level 5 of the Dungeon.
You worshipped Cheibriados.
Cheibriados was noncommittal.
You visited 2 branches of the dungeon, and saw 6 of its levels.

You collected 440 gold pieces.

Inventory:

Hand Weapons
 b - the +11 war axe of Death (weapon) {distort, *Slow Fly Str+4 Int-3}
   (You found it on level 2 of the Dungeon)

   Str+4:     It affects your strength (+4).
   Int-3:     It affects your intelligence (-3).
   Fly:       It grants you flight.
   *Slow:     It may slow you when you take damage.
Armour
 a - a +0 robe (worn)
 d - a +0 helmet (worn)
 p - a +0 pair of gloves (worn)
Jewellery
 f - an amulet of magic regeneration (around neck)
 j - a ring of fire
 m - a ring of flight
Talismans
 e - a flux talisman
Wands
 c - a wand of flame (34)
 i - a wand of polymorph (9)
 l - a wand of paralysis (11)
Scrolls
 g - a scroll of fog
 k - 2 scrolls of teleportation
 n - 2 scrolls of noise
 o - a scroll of summoning {unknown}
 q - a scroll of enchant armour {unknown}
 r - a scroll of acquirement {unknown}
 s - a scroll of blinking {unknown}
 t - a scroll of fear
Potions
 h - 3 potions of degeneration


   Skills:
 * Level 7.6 Axes
 + Level 2.8 Dodging
 + Level 2.8 Stealth
 - Level 3.6 Spellcasting
 - Level 5.6 Conjurations
 - Level 2.7 Translocations
 + Level 1.0 Invocations
 - Level 2.4 Shapeshifting


You had 7 spell levels left.
You knew the following spells:

 Your Spells              Type           Power      Damage    Failure   Level
a - Magic Dart            Conj           100%       1d8       1%          1
b - Searing Ray           Conj           54%        2d6       1%          2
c - Iskenderun's Mystic Conj/Tloc 21%            2d6        (+2d3     22%         4

Your spell library contained the following spells:

 Spells                   Type           Power      Damage    Failure   Level
 Fulminant Prism          Conj/Alch      7%         3d6       36%         4


Dungeon Overview and Level Annotations

Branches:
Dungeon (5/15)             Temple (1/1) D:5

Altars:
Ashenzari
Cheibriados
Gozag
Hepliaklqana
Makhleb
Nemelex Xobeh
Qazlal
Sif Muna
Vehumet
Wu Jian
Xom
Zin
The Shining One

Shops:
D:2 :


Message History

You are poisoned.
The scorpion poisons you!
You barely miss the scorpion.
The scorpion is severely wounded.
You feel very sick. The scorpion closely misses you. x2
You closely miss the scorpion.
The scorpion is heavily wounded.
You feel sick. The scorpion stings you.
You hit the scorpion.
The scorpion is severely wounded.
You feel sick. The scorpion barely misses you.
You hit the scorpion but do no damage.
Space warps around the scorpion.
You kill the scorpion!
Cheibriados appreciates the change of pace.
You feel sick.
You feel your strength returning.
Your Invocations skill increases to level 1!
You hit the sleepcap.
The sleepcap is lightly damaged.
You feel sick. The sleepcap releases spores at you.
You are engulfed in a cloud of soporific spores!
You fall asleep.
You feel sick. The sleepcap releases spores at you!!
You wake up.
Ouch! That really hurt!
* * * LOW HITPOINT WARNING * * *
You slash the sleepcap!
Space warps horribly around the sleepcap!
The sleepcap is almost destroyed.
You feel sick. The sleepcap closely misses you.
The sleepcap releases spores at you.
* * * LOW HITPOINT WARNING * * *
You are engulfed in a cloud of soporific spores!
You are unaffected.
Okay, then.
You hit the sleepcap but do no damage.
Space warps around the sleepcap.
The sleepcap is almost destroyed.
You feel sick. The sleepcap releases spores at you.
You die...
Cheibriados appreciates the motionlessness of death.

#.##.####.#.....#
#.##......#.....# #
#.##.###..#>....#
###.##.##.###..#.#.#.#
#..............#.#.#.##
######.##.####.#.#.#...
#.##........#)####
#.#######.#.#.##.. #@#
#.#.#.##.. #f#
#.#.#.#... ... ..###
#.## ##... #.# ...
#.... ..# ### ...... #.
......# .. ......# ..
..


You could see a sleepcap.

Vanquished Creatures
  Pikel (D:4)
  Grinder (D:3)
  Sigmund (D:2)
  A black bear (D:4)
  An ice beast (D:5)
  An ogre (D:5)
  2 lemures (D:4)
  2 scorpions (D:5)
  A bombardier beetle (D:5)
  2 orc priests (D:4)
  Jessica (D:2)
  2 iguanas
  Ijyb (D:3)
  Robin (D:2)
  4 gnolls (D:3)
  4 adders
  A shadow imp (D:5)
  A ribbon worm (D:3)
  10 orcs
  3 bats
  4 endoplasms
  2 giant cockroaches
  16 goblins
  11 hobgoblins
  7 quokkas
  2 ball pythons
  3 frilled lizards
  9 kobolds
  6 rats
101 creatures vanquished.

Notes
Turn   | Place    | Note
-------+----------+-------------------------------------------
     0 | D:1      | KennySheep the Deep Elf Conjurer began the quest for the
                  | Orb.
     0 | D:1      | Reached XP level 1. HP: 10/10 MP: 6/6
   175 | D:1      | Reached XP level 2. HP: 15/15 MP: 3/8
   178 | D:1      | Learned a level 2 spell: Searing Ray
   829 | D:1      | Reached skill level 1 in Shapeshifting
   978 | D:2      | Noticed Jessica
   987 | D:2      | Killed Jessica
   988 | D:2      | Reached XP level 3. HP: 19/19 MP: 10/10
  1040 | D:2      | Found Ymut's Book Emporium.
  1078 | D:2      | Identified the +11 war axe of Death {distort, *Slow Fly
                  | Str+4 Int-3}
  1090 | D:2      | Noticed Sigmund
  1105 | D:2      | Killed Sigmund
  1106 | D:2      | Reached skill level 3 in Axes
  1106 | D:2      | Reached XP level 4. HP: 7/24 MP: 4/11
  1106 | D:2      | Reached XP level 5. HP: 9/28 MP: 4/12
  1234 | D:2      | Noticed Robin
  1305 | D:2      | Killed Robin
  1940 | D:3      | Noticed Ijyb
  1948 | D:3      | Killed Ijyb
  1949 | D:3      | Reached XP level 6. HP: 31/32 MP: 9/13
  2071 | D:3      | Found a hazy altar of Hepliaklqana.
  2087 | D:3      | Found an opulent altar of Gozag.
  2131 | D:3      | Noticed Grinder
  2263 | D:3      | Reached skill level 4 in Axes
  2445 | D:3      | Paralysed by Grinder for 5 turns
  2456 | D:3      | Killed Grinder
  2457 | D:3      | Reached skill level 5 in Axes
  2869 | D:4      | Reached XP level 7. HP: 36/36 MP: 14/14
  3093 | D:4      | Noticed Pikel
  3100 | D:4      | Learned a level 4 spell: Iskenderun's Mystic Blast
  3113 | D:4      | Killed Pikel
  3114 | D:4      | Reached skill level 6 in Axes
  3114 | D:4      | Reached skill level 5 in Conjurations
  3114 | D:4      | Reached XP level 8. HP: 2/41 MP: 15/15
  3283 | D:4      | Identified the +8 dagger "Starlight" {flame, ^Drain Fly
                  | rPois rN++}
  3389 | D:4      | Found a stormy altar of Qazlal.
  3750 | D:5      | Entered Level 5 of the Dungeon
  3827 | D:5      | Found a staircase to the Ecumenical Temple.
  3835 | Temple   | Entered the Ecumenical Temple
  3865 | Temple   | Became a worshipper of Cheibriados the Contemplative
  3936 | D:5      | Reached skill level 7 in Axes
  4028 | D:5      | Found a radiant altar of Vehumet.
  4334 | D:5      | Reached skill level 1 in Invocations
  4337 | D:5      | Slain by a sleepcap

Illustrated notes

Levels and vault maps discovered:
D:1:      roderic_crop_circles_arrival_small, layout_loops_ring
D:2:      layout_rooms, serial_shops, nicolae_shop_tiny_real_fake_doors,
          chequers_serial_rivers_micro_b, minivault_5, uniq_robin, uniq_jessica,
          uniq_sigmund
D:3:      layout_loops_ring, mainiacjoe_overflow_tiny_flanked,
          nicolae_gozag_seed_capital, uniq_ijyb, uniq_grinder
D:4:      layout_basic, amcnicky_altar_gilded, uniq_pikel
D:5:      layout_basic, mainiacjoe_overflow_chevrons,
          nicolae_overflow_crystal_walls, minmay_temple_entry_statues_pillars,
          hex_intersection, dk_vineyard_3
Temple:   kb_temple_of_zot

Skill      XL: |  1  2  3  4  5  6  7  8 |
---------------+-------------------------+-----
Shapeshifting  | 2 |  2.4
Axes           | 3 5 6 7 |  7.6
Conjurations   | 5 |  5.6
Translocations | 2 |  2.7
Invocations    | 1 |  1.0
Dodging        | |  2.8
Stealth        | |  2.8
Spellcasting   | |  3.6

Action                     |  1- 3 |  4- 6 |  7- 9 || total
---------------------------+-------+-------+-------++-------
  Melee: War axe           |       |    61 |    62 ||   123
   Cast: Magic Dart        |    52 |       |       ||    52
         Searing Ray       |     2 |     4 |       ||     6
    Use: Potion            |     1 |     1 |     1 ||     3
         Scroll            |       |     3 |     2 ||     5
   Stab: Sleeping          |       |     4 |     2 ||     6
 Armour: Robe              |     2 |    38 |    44 ||    84
         Skin              |       |     5 |       ||     5
  Dodge: Dodged            |     4 |    36 |    31 ||    71

Table legend: (Time is in decaauts)
 A = Elapsed time spent in this place.
 B = Non-inter-level travel time spent in this place.
 C = Inter-level travel time spent in this place.
 D = Time resting spent in this place.
 E = Time spent auto-exploring this place.
 F = Levels seen in this place.
 G = Mean time per level.
                   A        B        C        D        E       F      G
               +--------+--------+--------+--------+--------+-----+--------+
         Total |   4455 |   4158 |    297 |    475 |   2890 |   6 |  742.5 |
       Dungeon |   4386 |   4151 |    235 |    475 |   2890 |   5 |  877.2 |
        Temple |     68 |      7 |     61 |      0 |      0 |   1 |   68.0 |
               +--------+--------+--------+--------+--------+-----+--------+

Top non-repeatable levels by time:
     D:4: 1199 daAuts
     D:1: 1020 daAuts
     D:2: 833 daAuts
     D:3: 790 daAuts
     D:5: 543 daAuts
  Temple: 68 daAuts
